 Dungeon Crawl Stone Soup version 0.29-a0-2-g12fcac58f8 (webtiles) character file.

Game seed: 16491602361889103271

1 HallandMoats the Skirmisher (level 1, 19/19 HPs)
             Began as a Ghoul Monk on Jan 27, 2022.
             Was a Follower of Yredelemnul.
             Safely got out of the dungeon.
             The game lasted 00:00:20 (176 turns).

HallandMoats the Skirmisher (Ghoul Monk)             Turns: 176, Time: 00:00:21

Health: 19/19      AC:  2    Str: 14    XL:     1   Next: 20%
Magic:  0/0        EV: 12    Int:  5    God:    Yredelemnul [*.....]
Gold:   0          SH:  0    Dex: 11    Spells: 0/0 levels left

rFire   . . .      SeeInvis .     - Unarmed
rCold   + . .      Faith    .   (no shield)
rNeg    + + +      Spirit   .   a - +0 robe
rPois   ∞          Reflect  .   (no helmet)
rElec   .          Harm     .   (no cloak)
rCorr   .          Rampage  .   (no gloves)
Will    .....                   (no boots)
Stlth   ++........              (no amulet)
HPRegen 0.06/turn               (no ring)
MPRegen 0.07/turn               (no ring)

@: no status effects
A: claws 1, cold resistance 1, negative energy resistance 3, inhibited
regeneration, torment resistance 2
a: Renounce Religion, Recall Undead Harvest


You escaped.
You worshipped Yredelemnul.
Yredelemnul was noncommittal.
You visited 1 branch of the dungeon, and saw 1 of its levels.

Inventory:

Armour
 a - a +0 robe (worn)


   Skills:
 * Level 3.3 Fighting
 + Level 0.0 Armour
 + Level 2.7 Dodging
 - Level 2.1 Stealth
 * Level 3.3 Unarmed Combat


You couldn't memorise any spells.
You didn't know any spells.
Your spell library was empty.

Dungeon Overview and Level Annotations

Branches:
Dungeon (1/15)

Altars:
Yredelemnul


Innate Abilities, Weirdness & Mutations

You thrive by killing the living.
You are immune to poison.
You have sharp fingernails.
Your flesh is cold resistant. (rC+)
You are immune to negative energy. (rN+++)
You do not regenerate when monsters are visible.
You are immune to unholy pain and torment.


Message History

The frilled lizard completely misses you.
You scratch the frilled lizard.
You kill the frilled lizard!
You scratch the fungus.
The fungus begins to die.
The fungus is lightly damaged.
You scratch the fungus.
The fungus is lightly damaged.
You scratch the fungus.
The fungus is lightly damaged.
You claw the fungus!
The fungus is lightly damaged.
A nearby fungus withers and dies.
There is a faded altar of an unknown god here.
You cannot tell which god this altar belongs to.
Convert to them anyway?
Yredelemnul accepts your prayer! Yredelemnul welcomes you!
You can now reap souls.
You can now recall your undead harvest.
Unknown command.
Press < or > to pray at altars.
Unknown command.
Press < or > to pray at altars.
(D) Dungeon
Where to? (? - help)
What level of the Dungeon? (default 1, ? - help)
You swap places.
Your ball python zombie bites the plant.
The plant begins to die.
Your ball python zombie grabs the plant.
Your ball python zombie constricts the plant.
You swap places.
Something loses its grip on the plant.
You swap places.
You swap places.
Your quokka zombie bites the plant.
The plant begins to die.
You swap places.
A nearby plant withers and dies.
Something hits the plant.
The plant begins to die.
Your quokka zombie bites the plant.
Something bites the plant.
A nearby plant withers and dies.
There is an open door here.
There is a staircase leading out of the dungeon here.
Are you sure you want to leave the Dungeon?
This will make you lose the game!
You have escaped!

#.# #...........#
#.# #ZZ..Z......#
#.#####Z####Z......
#...Z.Z.# #Z##.##.
##Z###### #.#.....
#Z# #Z#..#.. ##Z##
#Z#..#.. +.Z.+
##Z#..#.. #.@.#
#........ +...+ .
##....... ##+## ..
##.######
#.#...#.P.#
####....#.#.#
........Z.P[P
#.##....#Z#Z# ..
#....#.ZZ# #
#....#Z#.#


You could see a friendly bat zombie, a friendly ball python zombie and 2
friendly adder zombies.

Vanquished Creatures
  A bat (D:1)
  A frilled lizard (D:1)
2 creatures vanquished.

Vanquished Creatures (others)
  A fungus (D:1)
  5 plants (D:1)
6 creatures vanquished.

Grand Total: 8 creatures vanquished

Notes
Turn   | Place    | Note
-------+----------+-------------------------------------------
     0 | D:1      | HallandMoats the Ghoul Monk began the quest for the Orb.
     0 | D:1      | Reached XP level 1. HP: 19/19 MP: 0/0
   109 | D:1      | Found a faded altar of an unknown god.
   137 | D:1      | Prayed at the altar of an unknown god.
   137 | D:1      | Became a worshipper of Yredelemnul the Dark
   137 | D:1      | Reached * piety under Yredelemnul
   176 | D:$      | Safely got out of the dungeon.

Illustrated notes

Levels and vault maps discovered:
D:1:      dpeg_arrival_radiant, layout_basic, serial_co_window_serial,
          co_window_of_opportunity_a, co_window_corner_a,
          co_window_of_opportunity_a, co_window_of_opportunity_a,
          co_window_corner_a, co_window_unsneaky_path_c, co_window_2corner,
          co_window_unsneaky_path_d, co_window_paths_c, co_window_sun,
          co_window_paths_e, glass_columns_b,
          shapermc_ecumenical_altar_mp_urbaneastern

Action                   || total
-------------------------++-------
Melee: Unarmed           ||    17
       Punch             ||     1
Armor: Robe              ||     2
Dodge: Dodged            ||     2

Table legend: (Time is in decaauts)
 A = Elapsed time spent in this place.
 B = Non-inter-level travel time spent in this place.
 C = Inter-level travel time spent in this place.
 D = Time resting spent in this place.
 E = Time spent auto-exploring this place.
 F = Levels seen in this place.
 G = Mean time per level.
                   A        B        C        D        E       F      G
               +--------+--------+--------+--------+--------+-----+--------+
         Total |    175 |    138 |     37 |      0 |    106 |   1 |  175.0 |
       Dungeon |    175 |    138 |     37 |      0 |    106 |   1 |  175.0 |
               +--------+--------+--------+--------+--------+-----+--------+

Top non-repeatable levels by time:
     D:1: 175 daAuts
